 Dungeon Crawl Stone Soup version 0.25.1-9-gc5326a611f (webtiles) character file.

Game seed: 3630758576530716786

17 arnso the Chiller (level 2, -3/19 HPs)
             Began as a Vampire Ice Elementalist on Dec 23, 2020.
             Slain by Terence
             ... wielding a +0 mace of protection
              (4 damage)
             ... on level 2 of the Dungeon.
             The game lasted 00:04:10 (1658 turns).

arnso the Chiller (Vampire Ice Elementalist)        Turns: 1658, Time: 00:04:11

Health: -3/19      AC:  3    Str:  7    XL:     2   Next: 44%
Magic:  5/5        EV: 12    Int: 17    God:
Gold:   46         SH:  0    Dex: 14    Spells: 4/5 levels left

rFire    . . .     SeeInvis +   (no weapon)
rCold    . . .     Gourm    .   (no shield)
rNeg     . . .     Faith    .   b - +0 leather armour
rPois    .         Spirit   .   (no helmet)
rElec    .         Reflect  .   (no cloak)
rCorr    .         Harm     .   (no gloves)
MR       .....                  (no boots)
Stlth    ++........             (no amulet)
HPRegen  0.26/turn              (no ring)
MPRegen  0.09/turn              (no ring)

@: regenerating quickly
A: no food, fangs 3, see invisible, unbreathing
a: Exsanguinate


You were on level 2 of the Dungeon.
You were alive.

You visited 1 branch of the dungeon, and saw 2 of its levels.

You collected 46 gold pieces.

Inventory:

Armour
 a - a +0 robe
 b - a +0 leather armour (worn)
 f - a +1 robe of positive energy
 g - a +0 ring mail
Scrolls
 c - a scroll of remove curse {unknown}
 d - 3 scrolls of identify {unknown}
 e - 2 scrolls of teleportation {unknown}
Potions
 h - a potion of brilliance {unknown}
 i - 2 potions of lignification {unknown}
Comestibles
 j - a ration


   Skills:
 + Level 2.3 Dodging
 + Level 3.0 Stealth
 + Level 2.2 Spellcasting
 + Level 4.4 Ice Magic


You had 4 spell levels left.
You knew the following spells:

 Your Spells              Type           Power        Failure   Level  Hunger
a - Freeze                Ice            ###.         4%          1    N/A

Your spell library contained the following spells:

 Spells                   Type           Power        Failure   Level  Hunger
 Frozen Ramparts          Ice            ###...       14%         3    N/A
 Ozocubu's Armour         Chrm/Ice       #.......     34%         3    N/A
 Hailstorm                Conj/Ice       #.......     75%         4    N/A
 Summon Ice Beast         Ice/Summ       #.......     75%         4    N/A

Dungeon Overview and Level Annotations

Branches:
Dungeon (2/15)

Altars:

Annotations:
D:2 Terence


Innate Abilities, Weirdness & Mutations

You do not eat.
Your natural rate of healing is unusually fast.
You have razor-sharp teeth.
You have supernaturally acute eyesight. (SInv)
You can survive without breathing.


Message History

Terence hits you with a +0 mace of protection.
You barely miss Terence. The bat barely misses you.
Terence hits you with a +0 mace of protection.
You hit Terence but do no damage. The bat misses you.
Terence hits you with a +0 mace of protection.
You are too injured to fight recklessly!
You barely miss the bat. The bat barely misses you.
The bat hits you but does no damage. Terence barely misses you.
You hit the bat.
The bat is moderately wounded.
The bat closely misses you.
You barely miss the bat.
The bat is moderately wounded.
The bat hits you but does no damage. The bat barely misses you.
Terence hits you with a +0 mace of protection!
* * * LOW HITPOINT WARNING * * *
You hit the bat.
You kill the bat!
Terence hits you with a +0 mace of protection.
You die...

#. #. #.
#. #. #.
#@##
#.@#
##†#.#
#.#.#
#.#.#
#.#.#
#.#.#
#.#.#
##.#.###
#......#


You could see Terence.

Vanquished Creatures
  2 dart slugs (D:1)
  2 bats
  2 giant cockroaches (D:1)
  A goblin (D:1)
  A hobgoblin (D:1)
  3 kobolds (D:1)
  A frilled lizard (D:1)
  A rat (D:1)
13 creatures vanquished.

Notes
Turn   | Place    | Note
-------+----------+-------------------------------------------
     0 | D:1      | arnso the Vampire Ice Elementalist began the quest for the
                  | Orb.
     0 | D:1      | Reached XP level 1. HP: 13/13 MP: 3/3
   922 | D:1      | Reached XP level 2. HP: 17/19 MP: 0/5
  1642 | D:2      | Noticed Terence
  1658 | D:2      | Slain by Terence

Illustrated notes

Levels and vault maps discovered:
D:1:      dpeg_arrival_renting, layout_basic
D:2:      layout_loops_ring, serial_bayou, serial_bayou_ford_a,
          serial_bayou_shore_b, serial_bayou_pond_e, serial_bayou_crossing,
          serial_bayou_pond_b, uniq_terence

Action                   || total
-------------------------++-------
Melee: Unarmed           ||    67
       Bite              ||     4
 Cast: Freeze            ||    14
Armor: Robe              ||     8
       Leather armour    ||    20
Dodge: Dodged            ||    83
